SA
NIAGARA FALLS EXPOS @ GRIM REAPERS
08/11/2042
 
TOP OF THE 1ST
Niagara Falls Expos batting - Pitching for Grim Reapers : RHP Leo Cassidy
Pitching: RHP Leo Cassidy
Batting: SHB Danny Adams 0-0: Reached on error, E6 (Groundball, 6, EV 106.2 MPH)
Batting: RHB Caleb Kennedy 0-0: Ball
1-0: Called Strike
1-1: Swinging Strike
1-2: Strikes out swinging
Batting: LHB António Cruz 0-0: Fly out, F8 (Flyball, 8RM, EV 86.9 MPH)
Batting: LHB Dave Young 0-0: Called Strike
0-1: Ball
1-1: Foul Ball, location: 2F
1-2: Ball
2-2: Strikes out swinging
Top of the 1st over - 0 runs, 0 hits, 1 error, 1 left on base; Niagara Falls 0 - Grim 0
BOTTOM OF THE 1ST
Grim Reapers batting - Pitching for Niagara Falls Expos : RHP Javier Gallardo
Pitching: RHP Javier Gallardo
Batting: RHB Ron Lott 0-0: Called Strike
0-1: Foul Ball, location: 2F
0-2: Ball
1-2: SINGLE (Line Drive, 56D, EV 95.6 MPH)
Batting: LHB Pielgrzym Myslajek 0-0: Ball
1-0: Swinging Strike
1-1: Fielders Choice at 2nd, 2-4 (Groundball, 15S, EV 68.1 MPH)
Batting: LHB Bill Stickells 0-0: Ball
1-0: Called Strike
1-1: Ball
2-1: Ball
3-1: Called Strike
3-2: Base on Balls
Pielgrzym Myslajek to second
Batting: RHB Yataro Nagai 0-0: SINGLE (Groundball, 34D, EV 102.5 MPH)
Pielgrzym Myslajek to third
Bill Stickells to second
Runner from 3rd tries for Home, SAFE, no throw by RF
Batting: RHB Ron Burnett 0-0: SINGLE (Flyball, 9S, EV 90.0 MPH)
Bill Stickells to third
Yataro Nagai to second
Runner from 3rd tries for Home, SAFE, no throw by RF
Batting: LHB John Manley 0-0: Called Strike
0-1: Ball
1-1: Ball
2-1: Ball
3-1: Fly out, F8 (Flyball, 8RS, EV 98.1 MPH)
Batting: SHB Huang-di Shu 0-0: Ball
1-0: Ball
2-0: Ball
3-0: Base on Balls
Yataro Nagai to third
Ron Burnett to second
Batting: SHB Danny Warner 0-0: Ball
1-0: Ball
2-0: Ball
3-0: Called Strike
3-1: Foul Ball, location: 2F
3-2: Base on Balls
Yataro Nagai scores
Ron Burnett to third
Huang-di Shu to second
Batting: RHB Getoff Mylawn 0-0: Ball
1-0: Swinging Strike
1-1: Foul Ball, location: 2F
1-2: Strikes out looking
Bottom of the 1st over - 3 runs, 3 hits, 0 errors, 3 left on base; Niagara Falls 0 - Grim 3
TOP OF THE 2ND
Niagara Falls Expos batting - Pitching for Grim Reapers : RHP Leo Cassidy
Batting: RHB Arnie Birand 0-0: Foul Ball, location: 2F
0-1: Ball
1-1: Ball
2-1: Ball
3-1: Foul Ball, location: 2F
3-2: SINGLE (Flyball, 89M, EV 88.8 MPH)
Batting: LHB Allen Harding 0-0: Called Strike
0-1: Ball
Arnie Birand is caught stealing 2nd base 2-6
1-1: Swinging Strike
1-2: Ball
2-2: Foul Ball, location: 2F
2-2: Strikes out looking
Batting: RHB Vsevolod Bagdasaroff 0-0: Ball
1-0: Swinging Strike
1-1: Foul Ball, location: 2F
1-2: Strikes out swinging
Top of the 2nd over - 0 runs, 1 hit, 0 errors, 0 left on base; Niagara Falls 0 - Grim 3
BOTTOM OF THE 2ND
Grim Reapers batting - Pitching for Niagara Falls Expos : RHP Javier Gallardo
Batting: RHB Ron Lott 0-0: Called Strike
0-1: Ball
1-1: Ball
2-1: Swinging Strike
2-2: SINGLE (Line Drive, 7S, EV 94.4 MPH)
Batting: LHB Pielgrzym Myslajek 0-0: Called Strike
0-1: Called Strike
0-2: Ball
1-2: Ball
2-2: Foul Ball, location: 2F
2-2: Fly out, F9 (Flyball, 9, EV 96.9 MPH)
Batting: LHB Bill Stickells 0-0: Ball
1-0: Fly out, F8 (Line Drive, 8LM, EV 93.1 MPH)
Batting: RHB Yataro Nagai 0-0: Ball
1-0: Fly out, F8 (Flyball, 8LM, EV 88.8 MPH)
Bottom of the 2nd over - 0 runs, 1 hit, 0 errors, 1 left on base; Niagara Falls 0 - Grim 3
TOP OF THE 3RD
Niagara Falls Expos batting - Pitching for Grim Reapers : RHP Leo Cassidy
Batting: RHB Jesús Odilia 0-0: Foul Ball, location: 2F
0-1: Ball
1-1: Foul Ball, location: 2F
1-2: Ball
2-2: Strikes out swinging
Batting: RHB Jeremy Watson 0-0: Ball
1-0: Ground out 6-3 (Groundball, 6, EV 75.6 MPH)
Batting: SHB Danny Adams 0-0: Fly out, F7 (Flyball, 78D, EV 91.2 MPH)
Top of the 3rd over - 0 runs, 0 hits, 0 errors, 0 left on base; Niagara Falls 0 - Grim 3
BOTTOM OF THE 3RD
Grim Reapers batting - Pitching for Niagara Falls Expos : RHP Javier Gallardo
Batting: RHB Ron Burnett 0-0: Ball
1-0: Ball
2-0: DOUBLE (Line Drive, 78D, EV 110.0 MPH)
Batting: LHB John Manley 0-0: Called Strike
0-1: Ball
1-1: Ball
2-1: Ball
3-1: SINGLE (Line Drive, 4M, EV 97.5 MPH)
Ron Burnett to third
Runner from 3rd tries for Home, SAFE, no throw by CF
Batting: SHB Huang-di Shu 0-0: Ball
1-0: Ball
2-0: Ball
3-0: Called Strike
3-1: Foul Ball, location: 2F
3-2: DOUBLE (Flyball, 89D, EV 106.2 MPH)
John Manley to third
Batting: SHB Danny Warner 0-0: Called Strike
0-1: Swinging Strike
0-2: Foul Ball, location: 2F
0-2: Fly out, F8 (Flyball, 8RD, EV 75.0 MPH)
Runner from 3rd tags up, SCORES, throw by CF
Batting: RHB Getoff Mylawn 0-0: Ball
1-0: Called Strike
1-1: Foul Ball, location: 2F
1-2: Strikes out swinging
Batting: RHB Ron Lott 0-0: Called Strike
0-1: Ground out 6-3 (Groundball, 6M, EV 84.4 MPH)
Bottom of the 3rd over - 2 runs, 3 hits, 0 errors, 1 left on base; Niagara Falls 0 - Grim 5
TOP OF THE 4TH
Niagara Falls Expos batting - Pitching for Grim Reapers : RHP Leo Cassidy
Batting: RHB Caleb Kennedy 0-0: Called Strike
0-1: Called Strike
0-2: Ball
1-2: Strikes out swinging
Batting: LHB António Cruz 0-0: Foul Ball, location: 2F
0-1: Swinging Strike
0-2: Fly out, F7 (Flyball, 7S, EV 88.8 MPH)
Batting: LHB Dave Young 0-0: Ball
1-0: Foul Ball, location: 2F
1-1: Ball
2-1: Called Strike
2-2: Fly out, F6 (Popup, 4M, EV 73.1 MPH)
Top of the 4th over - 0 runs, 0 hits, 0 errors, 0 left on base; Niagara Falls 0 - Grim 5
BOTTOM OF THE 4TH
Grim Reapers batting - Pitching for Niagara Falls Expos : RHP Javier Gallardo
Batting: LHB Pielgrzym Myslajek 0-0: Called Strike
0-1: Ball
1-1: Foul Ball, location: 2F
1-2: Strikes out swinging
Batting: LHB Bill Stickells 0-0: Ball
1-0: SINGLE (Groundball, 34D, EV 106.2 MPH)
Batting: RHB Yataro Nagai 0-0: Foul Ball, location: 2F
0-1: Grounds into double play, 1-4-3 (Groundball, 15, EV 80.6 MPH)
Bottom of the 4th over - 0 runs, 1 hit, 0 errors, 0 left on base; Niagara Falls 0 - Grim 5
TOP OF THE 5TH
Niagara Falls Expos batting - Pitching for Grim Reapers : RHP Leo Cassidy
Batting: RHB Arnie Birand 0-0: Ball
1-0: Swinging Strike
1-1: Foul Ball, location: 2F
1-2: Ball
2-2: Ball
3-2: Ground out 6-3 (Groundball, 6, EV 77.5 MPH)
Batting: LHB Allen Harding 0-0: Foul Ball, location: 2F
0-1: Foul Ball, location: 2F
0-2: Ball
1-2: Hit by Pitch
Batting: RHB Vsevolod Bagdasaroff 0-0: Grounds into double play, 6-4-3 (Groundball, 56, EV 107.5 MPH)
Top of the 5th over - 0 runs, 0 hits, 0 errors, 0 left on base; Niagara Falls 0 - Grim 5
BOTTOM OF THE 5TH
Grim Reapers batting - Pitching for Niagara Falls Expos : RHP Javier Gallardo
Pitching: LHP Pablo Mareno
Batting: RHB Ron Burnett 0-0: Called Strike
0-1: Ball
1-1: Foul Ball, location: 2F
1-2: Ball
2-2: Strikes out swinging
Batting: LHB John Manley 0-0: Ball
1-0: Ball
2-0: Called Strike
2-1: Ball
3-1: Called Strike
3-2: SINGLE (Flyball, 9LM, EV 93.8 MPH)
Batting: SHB Huang-di Shu 0-0: Ball
1-0: Called Strike
1-1: Foul Ball, location: 2F
1-2: Ball
2-2: Foul Ball, location: 2F
2-2: DOUBLE (Line Drive, 7LS, EV 90.0 MPH)
John Manley to third
Batting: SHB Danny Warner 0-0: Foul Ball, location: 2F
0-1: Ball
1-1: Ball
2-1: Ball
3-1: Swinging Strike
3-2: Foul Ball, location: 2F
3-2: Base on Balls
Batting: RHB Getoff Mylawn 0-0: Ball
1-0: Fly out, F7 (Flyball, 78D, EV 75.0 MPH)
Runner from 3rd tags up, SCORES, throw by LF
Batting: RHB Ron Lott 0-0: Ball
1-0: Ball
2-0: Foul Ball, location: 2F
2-1: Ball
3-1: Base on Balls
Huang-di Shu to third
Danny Warner to second
Batting: LHB Pielgrzym Myslajek 0-0: Ball
1-0: Ball
2-0: Ball
3-0: Base on Balls
Huang-di Shu scores
Danny Warner to third
Ron Lott to second
Batting: LHB Bill Stickells 0-0: Ball
1-0: Foul Ball, location: 2F
1-1: SINGLE (Line Drive, 7S, EV 99.4 MPH)
Danny Warner scores
Ron Lott to third
Pielgrzym Myslajek to second
Runner from 3rd tries for Home, SAFE, no throw by LF
Pitching: RHP David López
Batting: RHB Yataro Nagai 0-0: Ball
1-0: Fly out, F9 (Flyball, 9LM, EV 85.6 MPH)
Bottom of the 5th over - 4 runs, 3 hits, 0 errors, 2 left on base; Niagara Falls 0 - Grim 9
TOP OF THE 6TH
Niagara Falls Expos batting - Pitching for Grim Reapers : RHP Leo Cassidy
Batting: RHB Jesús Odilia 0-0: Called Strike
0-1: Ball
1-1: Called Strike
1-2: Foul Ball, location: 2F
1-2: Fly out, F8 (Line Drive, 8LD, EV 91.9 MPH)
Batting: RHB Jeremy Watson 0-0: Fly out, F9 (Flyball, 9LSF, EV 88.1 MPH)
Batting: SHB Danny Adams 0-0: Ball
1-0: Ball
2-0: Called Strike
2-1: Foul Ball, location: 2F
2-2: Ball
3-2: Foul Ball, location: 2F
3-2: SINGLE (Groundball, 4D, EV 97.5 MPH)
Batting: RHB Caleb Kennedy 0-0: Called Strike
0-1: Swinging Strike
0-2: Strikes out swinging
Top of the 6th over - 0 runs, 1 hit, 0 errors, 1 left on base; Niagara Falls 0 - Grim 9
BOTTOM OF THE 6TH
Grim Reapers batting - Pitching for Niagara Falls Expos : RHP David López
Batting: RHB Ron Burnett 0-0: SINGLE (Groundball, 56D, EV 101.9 MPH)
Batting: LHB John Manley 0-0: Called Strike
0-1: SINGLE (Groundball, 34D, EV 97.5 MPH)
Ron Burnett to second
Batting: SHB Huang-di Shu 0-0: Called Strike
0-1: Ball
1-1: Fly out, F9 (Flyball, 89S, EV 82.5 MPH)
Batting: SHB Danny Warner 0-0: Called Strike
0-1: SINGLE (Line Drive, 4MD, EV 100.0 MPH)
Ron Burnett to third
John Manley to second
Runner from 3rd tries for Home, SAFE, no throw by CF
Batting: RHB Getoff Mylawn 0-0: Ball
1-0: TRIPLE (Flyball, 89XD, EV 90.6 MPH)
John Manley scores
Danny Warner scores
Batting: RHB Ron Lott 0-0: Swinging Strike
0-1: Foul Ball, location: 2F
0-2: Foul Ball, location: 2F
0-2: TRIPLE (Flyball, 7D, EV 100.0 MPH)
Getoff Mylawn scores
Pitching: RHP Yaw Selemani
Batting: LHB Pielgrzym Myslajek 0-0: Called Strike
0-1: Foul Ball, location: 2F
0-2: Ball
1-2: Strikes out looking
Batting: LHB Bill Stickells 0-0: Foul Ball, location: 2F
0-1: Ground out 4-3 (Groundball, 4, EV 92.5 MPH)
Bottom of the 6th over - 4 runs, 5 hits, 0 errors, 1 left on base; Niagara Falls 0 - Grim 13
TOP OF THE 7TH
Niagara Falls Expos batting - Pitching for Grim Reapers : RHP Leo Cassidy
Pinch Hitting: RHB Chuck Tucker 0-0: Called Strike
0-1: Ball
1-1: Called Strike
1-2: Strikes out looking
Batting: LHB Dave Young 0-0: Called Strike
0-1: Swinging Strike
0-2: SINGLE (Line Drive, 4MD, EV 103.1 MPH)
Pinch Hitting: RHB Antenor Reizenstein 0-0: Foul Ball, location: 2F
0-1: Swinging Strike
0-2: Ball
1-2: Ball
2-2: Foul Ball, location: 2F
2-2: Foul Ball, location: 2F
2-2: Strikes out swinging
Batting: LHB Allen Harding 0-0: Called Strike
0-1: Called Strike
0-2: Strikes out swinging
Top of the 7th over - 0 runs, 1 hit, 0 errors, 1 left on base; Niagara Falls 0 - Grim 13
BOTTOM OF THE 7TH
Grim Reapers batting - Pitching for Niagara Falls Expos : RHP Yaw Selemani
Now in CF: Antenor Reizenstein
Now in RF: Edwin Hastings
Pinch Hitting: LHB Michael Carlton 0-0: Ball
1-0: Ball
2-0: Ball
3-0: Called Strike
3-1: Base on Balls
Batting: RHB Ron Burnett 0-0: Ball
1-0: Ball
2-0: Ball
3-0: Called Strike
3-1: Foul Ball, location: 2F
3-2: Strikes out swinging
Batting: LHB John Manley 0-0: Ball
1-0: Foul Ball, location: 2F
1-1: Fly out, F9 (Flyball, 89S, EV 86.9 MPH)
Batting: SHB Huang-di Shu 0-0: Called Strike
0-1: Foul Ball, location: 2F
0-2: Ball
1-2: Ball
2-2: Ground out 4-3 (Groundball, 4S, EV 88.8 MPH)
Bottom of the 7th over - 0 runs, 0 hits, 0 errors, 1 left on base; Niagara Falls 0 - Grim 13
TOP OF THE 8TH
Niagara Falls Expos batting - Pitching for Grim Reapers : RHP Leo Cassidy
Now in CF: Michael Carlton
Pinch Hitting: SHB Artie Hankins 0-0: Ball
1-0: Ball
2-0: Called Strike
2-1: Called Strike
2-2: Ground out 4-3 (Groundball, 4, EV 91.9 MPH)
Batting: RHB Jesús Odilia 0-0: Called Strike
0-1: Foul Ball, location: 2F
0-2: Foul Ball, location: 2F
0-2: Fly out, F9 (Line Drive, 9, EV 90.6 MPH)
Batting: RHB Jeremy Watson 0-0: Ball
1-0: Ground out 6-3 (Groundball, 6M, EV 82.5 MPH)
Top of the 8th over - 0 runs, 0 hits, 0 errors, 0 left on base; Niagara Falls 0 - Grim 13
BOTTOM OF THE 8TH
Grim Reapers batting - Pitching for Niagara Falls Expos : RHP Yaw Selemani
Now in CF: Carlos Rivera
Pinch Hitting: RHB Indergabriell Marifosque 0-0: Fly out, F9 (Flyball, 9D, EV 106.2 MPH)
Batting: RHB Getoff Mylawn 0-0: Ground out 5-3 (Groundball, 56S, EV 73.8 MPH)
Batting: RHB Ron Lott 0-0: Foul Ball, location: 2F
0-1: Ball
1-1: Ball
2-1: Ball
3-1: Fly out, F6 (Popup, 6S, EV 66.9 MPH)
Bottom of the 8th over - 0 runs, 0 hits, 0 errors, 0 left on base; Niagara Falls 0 - Grim 13
TOP OF THE 9TH
Niagara Falls Expos batting - Pitching for Grim Reapers : RHP Leo Cassidy
Now at 2B: Indergabriell Marifosque
Batting: SHB Danny Adams 0-0: Ball
1-0: Ball
2-0: Ball
3-0: Called Strike
3-1: SINGLE (Groundball, 56D, EV 98.1 MPH)
Pitching: RHP Roberto Días
Batting: RHB Caleb Kennedy 0-0: Foul Ball, location: 2F
0-1: Swinging Strike
0-2: Strikes out swinging
Batting: RHB Edwin Hastings 0-0: Ball
1-0: DOUBLE (Line Drive, 78D, EV 106.2 MPH)
Danny Adams to third
Batting: LHB Dave Young 0-0: Ball
1-0: Ball
2-0: Swinging Strike
2-1: Ball
3-1: Fly out, F8 (Flyball, 8LXD, EV 100.6 MPH)
Runner from 3rd tags up, SCORES, no throw by CF
Batting: RHB Antenor Reizenstein 0-0: Reached on error, E4 (Groundball, 34, EV 109.4 MPH)
Edwin Hastings to third
Batting: LHB Allen Harding 0-0: Swinging Strike
0-1: Called Strike
0-2: Ball
1-2: Ball
2-2: Ground out 4-3 (Groundball, 4, EV 82.5 MPH)
Top of the 9th over - 1 run, 2 hits, 1 error, 2 left on base; Niagara Falls 1 - Grim 13
Friday, March 26th, 2021 - OOTP Baseball 20.8 Build 74